 Dungeon Crawl Stone Soup version 0.30-a0-613-gdd512c7efb (webtiles) character file.

Game seed: 3588770883222481333

863 porpoise the Chucker (level 8, -6/63 HPs)
             Began as a Gnoll Wanderer on Jan 9, 2023.
             Was an Elder of Nemelex Xobeh.
             Mangled by a wight
             ... wielding a +4 great sword
              (13 damage)
             ... on level 5 of the Dungeon.
             The game lasted 00:15:47 (4492 turns).

porpoise the Chucker (Gnoll Wanderer)               Turns: 4492, Time: 00:15:47

Health: -6/63      AC:  8    Str: 11    XL:     8   Next: 3%
Magic:  12/12      EV: 13    Int: 14    God:    Nemelex Xobeh [****..]
Gold:   199        SH:  0    Dex: 24    Spells: 13/13 levels left

rFire   . . .      SeeInvis .    b - +1 falchion (heavy)
rCold   . . .      Faith    .    (no shield)
rNeg    . . .      Spirit   .    o - +0 ring mail
rPois   .          Reflect  .    d - +1 helmet
rElec   .          Harm     .    (no cloak)
rCorr   .          Rampage  .    p - +0 pair of gloves
Will    .....                    (no boots)
Stlth   +++                      (no amulet)
HPRegen 0.30/turn                l - +6 ring of intelligence
MPRegen 0.13/turn                y - +6 ring of dexterity

@: invisible
A: fangs 1, strong nose, distributed training
a: Renounce Religion, Draw Escape, Draw Destruction, Draw Summoning, Triple
Draw, Deal Four


You were on level 5 of the Dungeon.
You worshipped Nemelex Xobeh.
Nemelex Xobeh was greatly pleased with you.
You visited 1 branch of the dungeon, and saw 5 of its levels.
You also visited: Sewer.

You collected 199 gold pieces.

Inventory:

Hand Weapons
 a - a +2 dagger of flaming
 b - a +1 heavy falchion (weapon)
 c - a +0 falchion
 t - a +1 whip of holy wrath
 x - a +2 dagger
Missiles
 f - 3 javelins
 r - 6 poisoned darts
 s - 3 throwing nets
 B - 4 curare-tipped darts (quivered)
Armour
 d - a +1 helmet (worn)
 o - a +0 ring mail (worn)
 p - a +0 pair of gloves (worn)
Magical Staves
 i - a staff of death
 v - a staff of cold
Jewellery
 k - a ring of ice
 l - a +6 ring of intelligence (left hand)
 y - a +6 ring of dexterity (right hand)
Wands
 C - a wand of charming (11)
Scrolls
 e - 2 scrolls of blinking
 h - 5 scrolls of identify
 j - a scroll of magic mapping {unknown}
 m - 2 scrolls of torment {unknown}
 q - 3 scrolls of teleportation
 u - a scroll of enchant armour
 w - a scroll of enchant weapon {unknown}
Potions
 g - a potion of attraction
 n - 4 potions of curing
 z - a potion of invisibility
 A - 5 potions of flight


   Skills:
 + Level 5.5 Fighting
 + Level 3.0 Short Blades
 + Level 5.5 Long Blades
 + Level 3.0 Axes
 + Level 3.0 Maces & Flails
 + Level 3.0 Polearms
 + Level 3.0 Staves
 + Level 3.0 Ranged Weapons
 + Level 5.5 Throwing
 + Level 3.0 Armour
 + Level 4.0 Dodging
 + Level 5.2 Stealth
 + Level 3.0 Shields
 + Level 3.0 Unarmed Combat
 + Level 3.0 Spellcasting
 + Level 2.4 Conjurations
 + Level 2.4 Hexes
 + Level 2.4 Summonings
 + Level 2.4 Necromancy
 + Level 2.4 Translocations
 + Level 2.4 Transmutations
 + Level 2.4 Fire Magic
 + Level 2.4 Ice Magic
 + Level 2.4 Air Magic
 + Level 2.4 Earth Magic
 + Level 2.4 Poison Magic
 + Level 3.3 Invocations
 + Level 4.0 Evocations


You had 13 spell levels left.
You didn't know any spells.
Your spell library contained the following spells:

 Spells                   Type           Power      Damage    Failure   Level
 Freeze                   Ice            32%        1d5       19%         1
 Frozen Ramparts          Ice            16%        1d3       47%         3
 Hailstorm                Conj/Ice       8%         3d4       47%         3


Dungeon Overview and Level Annotations

Branches:
Dungeon (5/15)              Sewer (visited)
 Temple: D:4-7

Altars:
Cheibriados
Nemelex Xobeh
Sif Muna
Trog
Uskayaw

Shops:
D:1 ![


Innate Abilities, Weirdness & Mutations

You have very sharp teeth.
Your uncanny sense of smell can sniff out nearby items.
Your experience applies equally to all skills.


Message History

The wight is almost destroyed.
The wight hits you with a +0 hand axe!
You feel drained. The wight hits you with a +0 hand axe.
You feel drained.
You are too injured to fight recklessly!
You slash the wight!
You destroy the wight!
You slice the wight!!
You destroy the wight!
The wight hits you with a +4 great sword!
* * * LOW HITPOINT WARNING * * *
Your life force feels restored.
Your Short Blades skill increases to level 3!
Your Axes skill increases to level 3!
Your Maces & Flails skill increases to level 3!
Your Polearms skill increases to level 3!
Your Staves skill increases to level 3!
Your Ranged Weapons skill increases to level 3!
Your Armour skill increases to level 3!
Your Dodging skill increases to level 4!
Your Shields skill increases to level 3!
Your Unarmed Combat skill increases to level 3!
Your Spellcasting skill increases to level 3!
Your Evocations skill increases to level 4!
You have reached level 8!
You feel clever.
You hit the wight.
The wight is moderately damaged.
The wight closely misses you.
You hit the wight but do no damage. Your bite misses the wight.
The wight is moderately damaged.
The wight hits you with a +4 great sword.
* * * LOW HITPOINT WARNING * * *
The wight barely misses you.
You fade into invisibility!
The wight barely misses you.
You barely miss the wight.
The wight is moderately damaged.
The wight hits you with a +4 great sword!
You die...
Your body glows with a rainbow of weird colours and disappears.

#....# #... #########
##....#########... #.......#
+......#.......... #.......#
#..... #.....##### #...ยง...#
#.... #.....##... #.......# ...
#.......... #...##)##+## #)#
###...##...
######.##..####z#######...##...
#.............@...........##...
#.........................##...
#..............................
#..............................
#..............................
#..............................
########...###..##..###...###..
#...##############..###########
#...........................#


You could see a wight (unable to see you).

Vanquished Creatures
  An ice beast (D:5)
  A phantom (D:5)
  A scorpion (D:5)
  3 wights (D:5)
  2 jellies (D:5)
  3 orc priests (D:5)
  An iguana (D:5)
  An orc wizard (D:5)
  A merfolk siren (Sewer)
  A merfolk avatar (Sewer)
  3 gnolls (D:2)
  7 adders
  A river rat (Sewer)
  A white imp (D:5)
  14 orcs
  6 bats
  7 endoplasms
  11 giant cockroaches
  7 goblins
  5 hobgoblins
  3 kobolds
  6 quokkas
  14 ball pythons
  8 frilled lizards
  27 rats
135 creatures vanquished.

Notes
Turn   | Place    | Note
-------+----------+-------------------------------------------
     0 | D:1      | porpoise the Gnoll Wanderer began the quest for the Orb.
     0 | D:1      | porpoise set off with the following items: a +2 dagger, 4
                  | curare-tipped darts, a +0 falchion, a +0 helmet, a scroll
                  | of blinking, a +0 leather armour.
     0 | D:1      | Reached XP level 1. HP: 20/20 MP: 1/1
    50 | D:1      | Found Qemniesima's Distillery.
    59 | D:1      | Found a faded altar of an unknown god.
    66 | D:1      | Prayed at the altar of an unknown god.
    66 | D:1      | Became a worshipper of Nemelex Xobeh the Trickster
    66 | D:1      | Reached * piety under Nemelex Xobeh
   118 | D:1      | Received a gift from Nemelex Xobeh
   141 | D:1      | Reached XP level 2. HP: 26/26 MP: 2/2
   198 | D:1      | Found Kogur's Armour Boutique.
   624 | D:1      | Reached XP level 3. HP: 31/31 MP: 3/3
   793 | D:2      | Reached skill level 1 in Invocations
   842 | D:2      | Reached ** piety under Nemelex Xobeh
  1017 | D:2      | Reached skill level 1 in Short Blades
  1017 | D:2      | Reached skill level 1 in Axes
  1017 | D:2      | Reached skill level 1 in Maces & Flails
  1017 | D:2      | Reached skill level 1 in Polearms
  1017 | D:2      | Reached skill level 1 in Staves
  1017 | D:2      | Reached skill level 1 in Ranged Weapons
  1017 | D:2      | Reached skill level 1 in Armour
  1017 | D:2      | Reached skill level 1 in Shields
  1017 | D:2      | Reached skill level 1 in Unarmed Combat
  1017 | D:2      | Reached skill level 1 in Spellcasting
  1228 | D:2      | Reached XP level 4. HP: 38/38 MP: 5/5
  1299 | D:2      | Reached skill level 1 in Conjurations
  1299 | D:2      | Reached skill level 1 in Hexes
  1299 | D:2      | Reached skill level 1 in Summonings
  1299 | D:2      | Reached skill level 1 in Necromancy
  1299 | D:2      | Reached skill level 1 in Translocations
  1299 | D:2      | Reached skill level 1 in Transmutations
  1299 | D:2      | Reached skill level 1 in Fire Magic
  1299 | D:2      | Reached skill level 1 in Ice Magic
  1299 | D:2      | Reached skill level 1 in Air Magic
  1299 | D:2      | Reached skill level 1 in Earth Magic
  1299 | D:2      | Reached skill level 1 in Poison Magic
  1762 | D:3      | Received a gift from Nemelex Xobeh
  1911 | D:3      | Reached XP level 5. HP: 40/43 MP: 7/7
  1979 | D:3      | Reached *** piety under Nemelex Xobeh
  2321 | D:4      | Found a bloodstained altar of Trog.
  2321 | D:4      | Found a snail-covered altar of Cheibriados.
  2322 | D:4      | Found a hide-covered altar of Uskayaw.
  2451 | D:4      | Received a gift from Nemelex Xobeh
  2477 | D:4      | Found a glowing drain.
  2511 | Sewer    | Entered a sewer
  2827 | Sewer    | Reached XP level 6. HP: 29/50 MP: 8/8
  2982 | Sewer    | Reached skill level 5 in Fighting
  2982 | Sewer    | Reached skill level 5 in Long Blades
  2982 | Sewer    | Reached skill level 5 in Throwing
  3350 | D:4      | Received a gift from Nemelex Xobeh
  3645 | D:4      | Found a shimmering blue altar of Sif Muna.
  3784 | D:5      | Entered Level 5 of the Dungeon
  3869 | D:5      | Reached **** piety under Nemelex Xobeh
  3869 | D:5      | Noticed an ice beast
  3904 | D:5      | Killed an ice beast
  3914 | D:5      | Reached XP level 7. HP: 14/56 MP: 10/10
  4367 | D:5      | Reached skill level 5 in Stealth
  4488 | D:5      | Reached XP level 8. HP: 10/63 MP: 12/12
  4492 | D:5      | Mangled by a wight

Illustrated notes

Levels and vault maps discovered:
D:1:      minmay_arrival_shattered_statue, layout_loops_ring, serial_shops,
          nicolae_shop_crystal, nicolae_shop_trees, basic_ecumenical_altar
D:2:      layout_basic
D:3:      layout_rooms, serial_corexii_hall, chequers_hall_statues_y,
          chequers_hall_statues_y
D:4:      layout_basic, lemuel_blue_sif_altar,
          gammafunk_temple_overflow_forgotten, gup_sewer_entry_pipe
D:5:      layout_gridville, nicolae_overflow_crystal_walls

Skill      XL: |  1  2  3  4  5  6  7 |
---------------+----------------------+-----
Invocations    | 1 2 3 |  3.3
Short Blades   | 1 2 3 |  3.0
Axes           | 1 2 3 |  3.0
Maces & Flails | 1 2 3 |  3.0
Polearms       | 1 2 3 |  3.0
Staves         | 1 2 3 |  3.0
Ranged Weapons | 1 2 3 |  3.0
Armour         | 1 2 3 |  3.0
Shields        | 1 2 3 |  3.0
Unarmed Combat | 1 2 3 |  3.0
Spellcasting   | 1 2 3 |  3.0
Conjurations   | 1 2 |  2.4
Hexes          | 1 2 |  2.4
Summonings     | 1 2 |  2.4
Necromancy     | 1 2 |  2.4
Translocations | 1 2 |  2.4
Transmutations | 1 2 |  2.4
Fire Magic     | 1 2 |  2.4
Ice Magic      | 1 2 |  2.4
Air Magic      | 1 2 |  2.4
Earth Magic    | 1 2 |  2.4
Poison Magic   | 1 2 |  2.4
Dodging        | 3 4 |  4.0
Evocations     | 3 4 |  4.0
Fighting       | 5 |  5.5
Long Blades    | 5 |  5.5
Throwing       | 5 |  5.5
Stealth        | 5 |  5.2

Action                   |  1- 3 |  4- 6 |  7- 9 || total
-------------------------+-------+-------+-------++-------
Melee: Dagger            |   110 |   276 |       ||   386
       Bite              |    12 |    24 |     9 ||    45
       Punch             |       |     6 |     1 ||     7
       Falchion          |       |       |    45 ||    45
Throw: Dart              |       |     2 |       ||     2
Invok: Draw Destruction  |       |     2 |       ||     2
  Use: Scroll            |       |     6 |       ||     6
       Potion            |       |     1 |     1 ||     2
 Stab: Sleeping          |    10 |    12 |       ||    22
Armor: Leather armour    |    21 |       |       ||    21
       Ring mail         |    23 |   117 |     6 ||   146
Dodge: Dodged            |    57 |   151 |    31 ||   239

Table legend: (Time is in decaauts)
 A = Elapsed time spent in this place.
 B = Non-inter-level travel time spent in this place.
 C = Inter-level travel time spent in this place.
 D = Time resting spent in this place.
 E = Time spent auto-exploring this place.
 F = Levels seen in this place.
 G = Mean time per level.
                   A        B        C        D        E       F      G
               +--------+--------+--------+--------+--------+-----+--------+
         Total |   4551 |   4397 |    154 |    870 |   2326 |   6 |  758.5 |
       Dungeon |   3884 |   3730 |    154 |    585 |   2302 |   5 |  776.8 |
         Sewer |    667 |    667 |      0 |    285 |     24 |   1 |  667.0 |
               +--------+--------+--------+--------+--------+-----+--------+

Top non-repeatable levels by time:
     D:4: 983 daAuts
     D:2: 930 daAuts
     D:5: 739 daAuts
     D:1: 700 daAuts
   Sewer: 667 daAuts
     D:3: 531 daAuts
